 Dungeon Crawl Stone Soup version 0.27.0-1-g7a089689b8 (webtiles) character file.

Game seed: 16637389088954115353

96 SnakkuSnakku7 the Cudgeller (level 4, -1/33 HPs)
             Began as a Mummy Warper on Aug 12, 2021.
             Killed from afar by an orc wizard (18 damage)
             ... with a puff of flame
             ... on level 4 of the Dungeon.
             The game lasted 00:03:57 (2100 turns).

SnakkuSnakku7 the Cudgeller (Mummy Warper)          Turns: 2100, Time: 00:03:57

Health: -1/33      AC:  7    Str: 15    XL:     4   Next: 41%
Magic:  8/8        EV:  9    Int: 12    God:
Gold:   27         SH:  0    Dex: 11    Spells: 8/8 levels left

rFire    x . .     SeeInvis .   a - +0 mace
rCold    + . .     Faith    .   (no shield)
rNeg     + + +     Spirit   .   e - +0 scale mail
rPois    ∞         Reflect  .   (no helmet)
rElec    .         Harm     .   q - +0 cloak
rCorr    .         Rampage  .   (no gloves)
Will     .....                  (no boots)
Stlth    ..........             (no amulet)
HPRegen  0.11/turn              (no ring)
MPRegen  0.11/turn              (no ring)

@: confused
A: cold resistance 1, negative energy resistance 3, torment resistance 2, heat
vulnerability 1, no potions
a: no special abilities


You were on level 4 of the Dungeon.
You visited 1 branch of the dungeon, and saw 4 of its levels.

You collected 109 gold pieces.
You spent 82 gold pieces at shops.

Inventory:

Hand Weapons
 a - a +0 mace (weapon)
 b - a +2 hunting sling of flaming
Missiles
 d - 5 boomerangs of dispersal (quivered)
 f - 14 poisoned darts
 i - a stone
Armour
 e - a +0 scale mail (worn)
 h - a +0 leather armour
 q - a +0 cloak (worn)
Wands
 n - a wand of iceblast (5)
Scrolls
 c - 2 scrolls of blinking
 g - a scroll of enchant weapon {unknown}
 j - a scroll of summoning {unknown}
 k - a scroll of brand weapon {unknown}
 l - a scroll of teleportation {unknown}
 m - 3 scrolls of identify {unknown}
 o - a scroll of enchant armour {unknown}
 p - a scroll of silence {unknown}


   Skills:
 - Level 2.0 Fighting
 + Level 3.9 Maces & Flails
 - Level 0.7 Throwing
 - Level 0.7 Armour
 - Level 1.5 Dodging
 - Level 2.6 Spellcasting
 - Level 2.4 Translocations


You had 8 spell levels left.
You didn't know any spells.
Your spell library contained the following spells:

 Spells                   Type           Power      Damage    Failure   Level
 Blink                    Tloc           N/A        N/A       50%         2
 Gell's Gravitas          Tloc           3%         N/A       75%         3
 Lesser Beckoning         Tloc           3%         N/A       75%         3
 Teleport Other           Tloc           7%         N/A       75%         3
 Stone Arrow              Conj/Erth      2%         3d7       97%         3
 Animate Armour           Summ/Erth      2%         N/A       100%        4
 Manifold Assault         Tloc           7%         N/A       100%        5
 Lehudib's Crystal Spear  Conj/Erth      0%         10d2      100%        8


Dungeon Overview and Level Annotations

Branches:
Dungeon (4/15)
 Temple: D:4-7

Altars:

Shops:
D:3 ?


Innate Abilities, Weirdness & Mutations

You are immune to poison.
Your flesh is cold resistant. (rC+)
You are immune to negative energy. (rN+++)
You are immune to unholy pain and torment.
You are vulnerable to heat. (rF-)
You do not drink.


Message History

Fire: 5 stones
Press: ? - help, Q - select action, (/) - cycle Shift-Dir - straight line You shoot a stone.
Unknown command.
Fire: 4 stones
Press: ? - help, Q - select action, (/) - cycle Shift-Dir - straight line, f - orc priest
Aim: an orc priest, wielding a +0 flail and wearing a +0 leather armour (59% to hit)
Okay, then.
Something hits you but does no damage.
You climb downwards.
Reactivating autopickup.
There is a stone staircase leading up here.
Unknown command.
Fire: 4 stones
Press: ? - help, Q - select action, (/) - cycle Shift-Dir - straight line You shoot a stone.
You hear some strange, mumbled words.
Deactivating autopickup; reactivate with Ctrl-A.
Something tries to affect you, but you resist.
Fire: 3 stones
Press: ? - help, Q - select action, (/) - cycle Shift-Dir - straight line You shoot a stone.
You hear some strange, mumbled words.
You are confused.
Unknown command.
Non-targeted confused fire: 2 stones
Press: ? - help, Q - select action, (/) - cycle Dir - look around, f - activate You shoot a stone.
You hear some strange, mumbled words.
A puff of flame appears from out of thin air!
The puff of flame hits you! The fire burns you terribly!
Your +2 hunting sling of flaming stops flaming.
a - a +0 mace (weapon)
Something hits you.
You bump into the rock wall.
You hear some strange, mumbled words.
A puff of flame appears from out of thin air!
The puff of flame hits you!! The fire burns you terribly!
Ouch! That really hurt!
You die...

###
#@#
#{#
.(#
..##
...
.#..
..#..
##
##.


There were no monsters in sight!

Vanquished Creatures
  3 adders (D:3)
  3 worms
  4 dart slugs
  An orc (D:3)
  4 ball pythons
  5 endoplasms
  2 giant cockroaches (D:1)
  A hobgoblin (D:1)
  7 kobolds
  2 quokkas (D:1)
  6 bats
  4 frilled lizards
  7 goblins
  3 rats (D:1)
52 creatures vanquished.

Notes
Turn   | Place    | Note
-------+----------+-------------------------------------------
     0 | D:1      | SnakkuSnakku7 the Mummy Warper began the quest for the Orb.
     0 | D:1      | Reached XP level 1. HP: 16/16 MP: 4/4
   147 | D:1      | Reached skill level 2 in Maces & Flails
   166 | D:1      | Reached XP level 2. HP: 22/22 MP: 5/5
   203 | D:1      | Found a faded altar of an unknown god.
   739 | D:1      | Reached XP level 3. HP: 24/27 MP: 7/7
   911 | D:2      | Reached skill level 3 in Maces & Flails
  1597 | D:3      | Found Veocyemm's Magic Scroll Shoppe.
  1611 | D:3      | Bought a scroll of blinking for 82 gold pieces
  1703 | D:3      | Reached XP level 4. HP: 15/33 MP: 8/8
  2100 | D:4      | Killed from afar by an orc wizard

Illustrated notes

Levels and vault maps discovered:
D:1:      dpeg_arrival_subterranean_lakeside_camping, layout_rooms,
          chequers_ecumenical_altar_simple
D:2:      layout_loops_cross, minmay_tetromino_i4
D:3:      layout_basic, serial_shops, shop
D:4:      layout_basic, minmay_temple_entry_mist, uniq_crazy_yiuf_cottage

Skill      XL: |  1  2  3 |
---------------+----------+-----
Maces & Flails | 2 3 |  3.9
Fighting       | |  2.0
Throwing       | |  0.7
Armour         | |  0.7
Dodging        | |  1.5
Spellcasting   | |  2.6
Translocations | |  2.4

Action                   |  1- 3 |  4- 6 || total
-------------------------+-------+-------++-------
Melee: Mace              |   137 |     9 ||   146
 Fire: Hunting sling     |     8 |    19 ||    27
Armor: Scale mail        |    91 |     9 ||   100
       Leather armour    |     1 |       ||     1
Dodge: Dodged            |    90 |    11 ||   101
